 Dungeon Crawl Stone Soup version 0.20.0-4-g10b340a (webtiles) character file.

61 Chiseanne the Vexing (level 3, -1/21 HPs)
             Began as a Deep Elf Arcane Marksman on May 28, 2017.
             Slain by a gnoll
             ... wielding a +0 halberd
              (7 damage)
             ... on level 2 of the Dungeon.
             The game lasted 00:02:35 (1318 turns).

Chiseanne the Vexing (Deep Elf Arcane Marksman)     Turns: 1318, Time: 00:02:35

Health: -1/21      AC:  5    Str:  8    XL:     3   Next: 83%
Magic:  7/7        EV: 11    Int: 17    God:
Gold:   72         SH:  0    Dex: 15    Spells: 4/5 levels left

rFire    . . .     SeeInvis .   a - +1 hand axe (freeze)
rCold    . . .     Gourm    .   (no shield)
rNeg     . . .     Faith    .   j - +0 ring mail
rPois    .         Spirit   .   (no helmet)
rElec    .         Reflect  .   (no cloak)
rCorr    .         Harm     .   (no gloves)
MR       .....                  (no boots)
Stlth    +.........             (no amulet)
Regen    0.1/turn               (no ring)
MPRegen  0.1/turn               (no ring)

@: hasted, very quick
A: no striking features
a: no special abilities


You were on level 2 of the Dungeon.
You were not hungry.

You visited 1 branch of the dungeon, and saw 2 of its levels.

You collected 72 gold pieces.

Inventory:

Hand Weapons
 a - a +1 hand axe of freezing (weapon)
 p - a +0 great sword
Missiles
 i - 44 poisoned needles
 l - 19 sling bullets
 m - 34 stones (quivered)
 o - 15 bolts
Armour
 j - a +0 ring mail (worn)
 v - a +2 robe of fire resistance
Scrolls
 g - a scroll of amnesia {unknown}
 k - a scroll of magic mapping
 s - a scroll of remove curse {unknown}
Potions
 e - a potion of flight
 h - a potion of curing {unknown}
 n - a potion of lignification {unknown}
 q - a potion of agility {unknown}
 u - a potion of berserk rage {unknown}
Books
 b - a book of Debilitation

   Spells                             Type                      Level
   a - Corona                         Hexes                        1
   b - Slow                           Hexes                        2
   c - Inner Flame                    Hexes/Fire                   3
   d - Portal Projectile              Hexes/Translocation          3
   e - Cause Fear                     Hexes                        4
   f - Leda's Liquefaction            Hexes/Earth                  4
Comestibles
 f - 2 bread rations
 r - a chunk of flesh
 t - a fruit


   Skills:
 * Level 1.7 Fighting
 * Level 2.4 Throwing
 * Level 1.0 Armour
 * Level 3.5 Dodging
 - Level 1.5 Spellcasting
 - Level 4.0 Hexes


You had 4 spell levels left.
You knew the following spells:

 Your Spells              Type           Power        Failure   Level  Hunger
a - Corona                Hex            ##.....      12%         1    ##.....


Dungeon Overview and Level Annotations

Branches:
Dungeon (2/15)

Altars:


Message History

It was a potion of haste.
You feel yourself speed up.
The gnoll struggles against the net.
The net rips apart, and the gnoll comes free!
The rat bites you.
You hit the gnoll. You freeze the gnoll.
The gnoll is severely wounded.
You hit the rat. You freeze the rat.
You kill the rat!
The gnoll hits you but does no damage.
The gnoll hits you from afar with a halberd.
You hit the gnoll. You freeze the gnoll.
You kill the gnoll!
Your Armour skill increases to level 1!
The gnoll misses you. The gnoll barely misses you.
The goblin barely misses you.
There is a stone staircase leading up here.
The goblin hits you with a club.
* * * LOW HITPOINT WARNING * * *
The gnoll hits you from afar with a halberd!
You die...

##.†g##..#####.#.# .#
###...gg..#........# .#
##...#.......#####.###.#
(..##..(##......##.....#
###.....(.#####........#
#.......g.............#
####...(..g...####....#
#......g.<.# #....#
#..)...@...# #....#
#..........# #....#
#..........# #....#
############ #....#
######


You could see 2 gnolls and a goblin.

Vanquished Creatures
  Jessica (D:2)
  A gnoll (D:2)
  A worm (D:2)
  5 bats
  3 goblins
  A hobgoblin (D:2)
  A ball python (D:1)
  A frilled lizard (D:1)
  5 kobolds
  6 rats
25 creatures vanquished.

Notes
Turn   | Place    | Note
-------+----------+-------------------------------------------
     0 | D:1      | Chiseanne the Deep Elf Arcane Marksman began the quest for the Orb.
     0 | D:1      | Reached XP level 1. HP: 11/11 MP: 5/5
    58 | D:1      | Reached skill level 1 in Fighting
   509 | D:1      | Reached XP level 2. HP: 14/16 MP: 6/6
  1262 | D:2      | Noticed Jessica
  1269 | D:2      | Killed Jessica
  1269 | D:2      | Reached XP level 3. HP: 20/20 MP: 7/7
  1305 | D:2      | Reached skill level 1 in Armour
  1318 | D:2      | Slain by a gnoll

Skill      XL: |  1  2  3 |
---------------+----------+-----
Fighting       | 1 |  1.7
Dodging        | 3 |  3.5
Armour         | 1 |  1.0
Throwing       | |  2.4
Spellcasting   | |  1.5
Hexes          | |  4.0

Action                   || total
-------------------------++-------
Melee: Unarmed           ||    11
       Hand axe          ||    46
       Club              ||     7
Throw: Javelin           ||    10
       Throwing net      ||     2
 Cast: Corona            ||     1
  Use: Scroll            ||     3
       Potion            ||     1
 Stab: Sleeping          ||     1
  Eat: Chunk             ||     1
Armor: Robe              ||     4
       Ring mail         ||    19
Dodge: Dodged            ||    55
